[Event "ICC tourney 2248 (120 10)"]
[Site "Internet Chess Club"]
[Date "2020.12.27"]
[Round "3"]
[White "hi987"]
[Black "JACOBCHESS857"]
[Result "1-0"]
[ICCResult "Black checkmated"]
[WhiteElo "1612"]
[BlackElo "1424"]
[Opening "Ruy Lopez: classical (Cordel) defense"]
[ECO "C64"]
[NIC "RL.01"]
[Time "12:03:17"]
[PlyCount "143"]
[TimeControl "7200+10"]

1. e4 e5 2. Nf3 Nc6 3. Bb5 Bc5 4. Nxe5 Nxe5 5. d4 c6 6. Be2 Bd6 7. dxe5
Bxe5 8. f4 Bc7 9. Nc3 Ne7 10. Bf3 Ng6 11. f5 Ne5 12. O-O O-O 13. Kh1 b6 14.
b3 Bb7 15. Ba3 Re8 16. Bd6 Bxd6 17. Qxd6 Qe7 18. Rad1 Qxd6 19. Rxd6 Rad8
20. Rfd1 f6 21. a4 Bc8 22. Ne2 Nf7 23. R6d2 d6 24. Nf4 Re7 25. Kg1 Kf8 26.
h4 a6 27. Kf2 Re5 28. Nd3 Ree8 29. Nb2 b5 30. axb5 cxb5 31. c4 Bb7 32. Rd4
Re7 33. c5 Red7 34. Bh5 Ne5 35. cxd6 g6 36. fxg6 hxg6 37. Bf3 Nf7 38. Ke3
Rxd6 39. Rxd6 Rxd6 40. Rxd6 Nxd6 41. Nd3 Ke7 42. Nc5 a5 43. g4 f5 44. Nxb7
Nxb7 45. exf5 Nc5 46. fxg6 Kf6 47. h5 Nxb3 48. g5+ Kg7 49. h6+ Kxg6 50.
Be4+ Kf7 51. Bd5+ Kg6 52. Bxb3 a4 53. Bxa4 bxa4 54. Kd3 a3 55. Kc3 a2 56.
Kb2 a1=Q+ 57. Kxa1 Kh7 58. Kb2 Kg6 59. Kc3 Kh7 60. Kd4 Kg6 61. Ke5 Kh7 62.
Kf6 Kg8 63. g6 Kh8 64. g7+ Kg8 65. h7+ Kxh7 66. Kf7 Kh6 67. g8=Q Kh5 68.
Kf6 Kh4 69. Kf5 Kh3 70. Kf4 Kh2 71. Kf3 Kh1 72. Qg2# { Black checkmated }
1-0

[Event "ICC tourney 2248 (120 10)"]
[Site "Internet Chess Club"]
[Date "2020.12.27"]
[Round "3"]
[White "mrerikchin"]
[Black "Deveshc"]
[Result "1-0"]
[ICCResult "Black checkmated"]
[WhiteElo "1636"]
[BlackElo "1491"]
[Opening "English: Mikenas-Carls, Kevitz variation"]
[ECO "A18"]
[NIC "EO.64"]
[Time "12:03:03"]
[PlyCount "83"]
[TimeControl "7200+10"]

1. c4 Nf6 2. Nc3 e6 3. e4 Nc6 4. d4 Bb4 5. f3 d5 6. cxd5 exd5 7. e5 Nd7 8.
Be3 a6 9. Bd3 Nb6 10. a3 Be7 11. b3 Bh4+ 12. g3 Be7 13. Nge2 Bh3 14. Nf4
Bc8 15. O-O Nxe5 16. dxe5 d4 17. Qd2 dxe3 18. Qxe3 Nd7 19. Kg2 g5 20. Nh5
Kf8 21. Rfd1 Bc5 22. Qe4 c6 23. b4 Bb6 24. Bc4 Qe7 25. e6 Nf6 26. Qe5 Bd8
27. Nxf6 Qxf6 28. Rxd8+ Qxd8 29. Qxh8+ Ke7 30. Qxd8+ Kxd8 31. exf7 Ke7 32.
Re1+ Be6 33. Bxe6 Kf8 34. Bb3 b5 35. Ne4 Ra7 36. Nxg5 h6 37. Nh7+ Kg7 38.
f8=Q+ Kxh7 39. Re7+ Rxe7 40. Qxe7+ Kh8 41. Qf7 a5 42. Qg8# { Black
checkmated } 1-0

[Event "ICC tourney 2248 (120 10)"]
[Site "Internet Chess Club"]
[Date "2020.12.27"]
[Round "3"]
[White "oregonchessguy"]
[Black "AbleCompany"]
[Result "1-0"]
[ICCResult "Black resigns"]
[WhiteElo "1857"]
[BlackElo "1568"]
[Opening "French: Chigorin variation"]
[ECO "C00"]
[NIC "FR.01"]
[Time "12:03:06"]
[PlyCount "61"]
[TimeControl "7200+10"]

1. e4 e6 2. Qe2 c5 3. Nf3 Nc6 4. c3 d5 5. d3 d4 6. g3 e5 7. Bg2 Nf6 8. O-O
Be7 9. Nbd2 Nd7 10. Nb3 O-O 11. Kh1 b5 12. Bd2 Nb6 13. cxd4 cxd4 14. Rac1
Bd7 15. Nc5 f6 16. Nh4 g6 17. f4 Bxc5 18. Rxc5 a6 19. f5 g5 20. Nf3 Qe7 21.
Rcc1 Rfc8 22. h4 h6 23. hxg5 hxg5 24. Nh2 Qh7 25. Kg1 Kg7 26. Ng4 Be8 27.
Kf2 Bf7 28. Rh1 Qg8 29. Rh6 Nd7 30. Rch1 Bxa2 31. Rg6+ { Black resigns }
1-0

[Event "ICC tourney 2248 (120 10)"]
[Site "Internet Chess Club"]
[Date "2020.12.27"]
[Round "3"]
[White "MikeWMason"]
[Black "DrBoler"]
[Result "1-0"]
[ICCResult "Black resigns"]
[WhiteElo "1761"]
[BlackElo "1636"]
[Opening "Giuoco Piano"]
[ECO "C50"]
[NIC "IG.02"]
[Time "12:02:55"]
[PlyCount "109"]
[TimeControl "7200+10"]

1. e4 e5 2. Nf3 Nc6 3. Bc4 Bc5 4. d4 Bxd4 5. Nxd4 exd4 6. O-O d6 7. c3 dxc3
8. Nxc3 h6 9. f4 Be6 10. Bxe6 fxe6 11. Qh5+ Kd7 12. f5 e5 13. f6 Nxf6 14.
Qf5+ Ke8 15. Nd5 Rf8 16. Qe6+ Ne7 17. Bxh6 Qd7 18. Qxd7+ Kxd7 19. Bxg7
Nexd5 20. exd5 Ke7 21. Bxf8+ Rxf8 22. Rad1 c6 23. dxc6 bxc6 24. h3 d5 25.
g4 Rh8 26. Kg2 d4 27. Rc1 Nd5 28. Kg3 Ne3 29. Rfe1 Ke6 30. Rxe3 dxe3 31.
Re1 Rd8 32. Kf3 Rd2 33. Re2 Rd1 34. Rxe3 Rf1+ 35. Kg2 Rf4 36. Kg3 Kf6 37.
g5+ Kf5 38. g6 Kxg6 39. Rxe5 Rc4 40. Re3 Rc2 41. Rc3 Rxb2 42. Rxc6+ Kh5 43.
Ra6 Rb7 44. Ra5+ Kg6 45. a3 Rd7 46. Ra4 Kh5 47. Ra5+ Kg6 48. Kf4 Rf7+ 49.
Kg4 Rd7 50. Ra6+ Kg7 51. Kf5 Rf7+ 52. Ke5 Kf8 53. h4 Rh7 54. Ra4 Ke7 55.
Rxa7+ { Black resigns } 1-0

[Event "ICC tourney 2248 (120 10)"]
[Site "Internet Chess Club"]
[Date "2020.12.27"]
[Round "3"]
[White "welmo"]
[Black "WallyCleaver"]
[Result "1/2-1/2"]
[ICCResult "Game drawn by mutual agreement"]
[WhiteElo "1604"]
[BlackElo "1318"]
[Opening "Alekhine's defense: Scandinavian variation"]
[ECO "B02"]
[NIC "AL.10"]
[Time "12:03:45"]
[PlyCount "79"]
[TimeControl "7200+10"]

1. e4 Nf6 2. Nc3 d5 3. exd5 Nxd5 4. Nf3 e6 5. a3 Nxc3 6. dxc3 Qxd1+ 7. Kxd1
Bc5 8. Ke1 O-O 9. Bf4 Bd6 10. Bxd6 cxd6 11. h3 Nc6 12. Rd1 d5 13. Nd4 a6
14. Be2 Bd7 15. c4 dxc4 16. Bxc4 Rfd8 17. Nxc6 Bxc6 18. f3 Rac8 19. b3 b5
20. Rxd8+ Rxd8 21. Bd3 g6 22. Kf2 Bd5 23. Rd1 Rc8 24. Rd2 f5 25. Re2 Kf7
26. Ke1 f4 27. Kd1 Kf6 28. Be4 Bxe4 29. Rxe4 e5 30. Kd2 g5 31. c3 a5 32.
Kc2 h5 33. Kd2 Kf5 34. Kc2 g4 35. hxg4+ hxg4 36. Re2 g3 37. Kb2 Rd8 38. Kc2
Re8 39. Re4 Rh8 40. Re2 { Game drawn by mutual agreement } 1/2-1/2

[Event "ICC tourney 2248 (120 10)"]
[Site "Internet Chess Club"]
[Date "2020.12.27"]
[Round "3"]
[White "aditya7708"]
[Black "MartyJR"]
[Result "1-0"]
[ICCResult "Black resigns"]
[WhiteElo "1524"]
[BlackElo "1635"]
[Opening "Queen's pawn game"]
[ECO "D02"]
[NIC "QP.09"]
[Time "12:03:31"]
[PlyCount "83"]
[TimeControl "7200+10"]

1. Nf3 d5 2. d4 c6 3. Bf4 Nf6 4. Nbd2 Bf5 5. e3 e6 6. c3 Be7 7. Be2 h6 8.
Ne5 Nbd7 9. O-O O-O 10. Bg3 c5 11. Ndf3 Rc8 12. h3 cxd4 13. exd4 Ne4 14.
Bh2 Ndf6 15. Rc1 Qa5 16. a3 Qb6 17. Nd3 Rfd8 18. Nfe5 Nd6 19. f3 Nc4 20.
Nxc4 dxc4 21. Ne5 Nd5 22. Nxc4 Rxc4 23. Bxc4 Ne3 24. Qe2 Nxf1 25. Rxf1 a6
26. g4 Bg6 27. f4 Bd6 28. f5 Bxh2+ 29. Qxh2 exf5 30. gxf5 Bh5 31. Qg2 Qc7
32. Bd5 b5 33. f6 g6 34. Bf3 Bxf3 35. Qxf3 Qd6 36. Qe3 Qc7 37. Re1 Kh7 38.
Re2 Qd6 39. Qe7 Rd7 40. Re5 h5 41. Qe8 Rd8 42. Qxf7+ { Black resigns } 1-0

[Event "ICC tourney 2248 (120 10)"]
[Site "Internet Chess Club"]
[Date "2020.12.27"]
[Round "3"]
[White "Han366"]
[Black "sbendre"]
[Result "1/2-1/2"]
[ICCResult "Game drawn by repetition"]
[WhiteElo "1700"]
[BlackElo "1525"]
[Opening "English: symmetrical, Benoni formation"]
[ECO "A31"]
[NIC "EO.46"]
[Time "12:03:11"]
[PlyCount "64"]
[TimeControl "7200+10"]

1. d4 Nf6 2. c4 c5 3. Nf3 cxd4 4. Nxd4 Nc6 5. Nc3 g6 6. g3 Bg7 7. Bg2 O-O
8. Nc2 d6 9. O-O Bd7 10. Bd2 Rc8 11. Ne3 b6 12. Rc1 Ne5 13. b3 Bc6 14. Ned5
e6 15. Ne3 Bxg2 16. Nxg2 d5 17. cxd5 Nxd5 18. Nxd5 Qxd5 19. Bb4 Rxc1 20.
Qxc1 Rd8 21. Ne3 Qc6 22. Qb1 a5 23. Ba3 h5 24. Rc1 Qb7 25. Qc2 b5 26. Bb2
b4 27. Ng2 Qd5 28. Ne3 Qb7 29. Ng2 Qd5 30. Ne3 Qb7 31. Ng2 Qd5 32. Ne3 Qb7
{ Game drawn by repetition } 1/2-1/2

[Event "ICC tourney 2248 (120 10)"]
[Site "Internet Chess Club"]
[Date "2020.12.27"]
[Round "3"]
[White "coolhappyfish"]
[Black "castle2king"]
[Result "1-0"]
[ICCResult "Black resigns"]
[WhiteElo "1680"]
[BlackElo "1562"]
[Opening "King's Indian: Sämisch, 5...O-O"]
[ECO "E81"]
[NIC "KI.50"]
[Time "12:03:04"]
[PlyCount "105"]
[TimeControl "7200+10"]

1. d4 Nf6 2. c4 g6 3. f3 Bg7 4. e4 d6 5. Nc3 O-O 6. Bg5 c5 7. d5 Na6 8. Qd2
Nc7 9. Nge2 Rb8 10. Ng3 Bd7 11. Rb1 b5 12. cxb5 Bxb5 13. Bxb5 Nxb5 14. Nxb5
Rxb5 15. O-O Qb6 16. Rfc1 Rb8 17. b3 a5 18. Rc4 Rb4 19. Rxb4 axb4 20. Bxf6
Bxf6 21. Kh1 Ra8 22. Rc1 Ra3 23. Rc2 Qa5 24. h3 h5 25. Kh2 Bc3 26. Qe2 Be5
27. h4 Bf4 28. Kh3 Qa7 29. Nf1 Qd7+ 30. g4 Kg7 31. Ne3 Ra8 32. Ng2 hxg4+
33. fxg4 Be5 34. Ne3 Rh8 35. Rc1 Bf6 36. Ng2 Bxh4 37. Nxh4 g5 38. Rf1 Rxh4+
39. Kg3 Qe8 40. Qe3 f6 41. Rf5 Qg6 42. e5 dxe5 43. Qxc5 Kf7 44. d6 Qh6 45.
Qd5+ Kg7 46. Qg2 exd6 47. Qb7+ Kg6 48. Qe7 Rxg4+ 49. Kxg4 Qh4+ 50. Kf3 g4+
51. Ke4 Qe1+ 52. Kd5 Qd2+ 53. Ke6 { Black resigns } 1-0

[Event "ICC tourney 2248 (120 10)"]
[Site "Internet Chess Club"]
[Date "2020.12.27"]
[Round "3"]
[White "Abror"]
[Black "FantasyHockeyEx"]
[Result "1-0"]
[ICCResult "Black resigns"]
[WhiteElo "1635"]
[BlackElo "1794"]
[Opening "Sicilian: Kan variation"]
[ECO "B41"]
[NIC "SI.41"]
[Time "12:03:26"]
[PlyCount "111"]
[TimeControl "7200+10"]

1. e4 c5 2. Nf3 e6 3. d4 cxd4 4. Nxd4 a6 5. a3 Nc6 6. Nc3 d6 7. Be2 Nf6 8.
O-O Be7 9. Be3 O-O 10. f4 Qc7 11. Bf3 e5 12. Nxc6 bxc6 13. Qd2 exf4 14.
Bxf4 Nd7 15. Kh1 Ne5 16. b3 Be6 17. Ne2 Rad8 18. Nd4 Bf6 19. Bg5 Bxg5 20.
Qxg5 Bc8 21. Nf5 Bxf5 22. exf5 f6 23. Qh5 d5 24. Be2 a5 25. Rf4 Nf7 26.
Raf1 Rde8 27. Bd3 Re3 28. R4f3 Rfe8 29. Qh3 Re1 30. Qh4 Rxf1+ 31. Rxf1 Qe5
32. Qa4 Qc3 33. h3 Ng5 34. b4 axb4 35. axb4 Ne4 36. Bxe4 dxe4 37. Qb3+ Qxb3
38. cxb3 Kf7 39. Rc1 e3 40. Kg1 Re5 41. g4 Ke7 42. Kf1 Kd7 43. Ra1 Kd6 44.
Ra7 g6 45. Rf7 gxf5 46. Rxf6+ Kd5 47. Rxf5 Rxf5+ 48. gxf5 Ke5 49. Ke2 Kxf5
50. Kxe3 Ke5 51. Kd3 Kd5 52. Kc3 h5 53. b5 cxb5 54. Kb4 Kc6 55. Ka5 Kc5 56.
h4 { Black resigns } 1-0

[Event "ICC tourney 2248 (120 10)"]
[Site "Internet Chess Club"]
[Date "2020.12.27"]
[Round "3"]
[White "Vinny773175"]
[Black "gardemarin13"]
[Result "1-0"]
[ICCResult "Black resigns"]
[WhiteElo "1782"]
[BlackElo "1894"]
[Opening "Sicilian: accelerated fianchetto, modern variation"]
[ECO "B34"]
[NIC "SI.33"]
[Time "12:02:57"]
[PlyCount "63"]
[TimeControl "7200+10"]

1. e4 c5 2. Nf3 g6 3. d4 cxd4 4. Nxd4 Nc6 5. Nc3 Bg7 6. Be3 Nf6 7. Be2 O-O
8. O-O d5 9. exd5 Nxd5 10. Nxd5 Qxd5 11. Bf3 Qa5 12. Nxc6 bxc6 13. Qd2 Qc7
14. Rab1 Rd8 15. Qe2 Rb8 16. b3 Qa5 17. c4 Bf5 18. Rbd1 Qc3 19. Rxd8+ Rxd8
20. Rd1 Rd6 21. Rxd6 exd6 22. g4 Bd3 23. Qd1 c5 24. Be2 Bxe2 25. Qxe2 Be5
26. Kg2 a5 27. Bh6 f6 28. Qe4 Kf7 29. Qa8 d5 30. Qf8+ Ke6 31. Qc8+ Kf7 32.
Qd7+ { Black resigns } 1-0

[Event "ICC tourney 2248 (120 10)"]
[Site "Internet Chess Club"]
[Date "2020.12.27"]
[Round "3"]
[White "rachael1120"]
[Black "haofangzhu"]
[Result "0-1"]
[ICCResult "White resigns"]
[WhiteElo "1678"]
[BlackElo "1454"]
[Opening "Giuoco Piano"]
[ECO "C54"]
[NIC "IG.02"]
[Time "12:03:28"]
[PlyCount "104"]
[TimeControl "7200+10"]

1. e4 e5 2. Nf3 Nc6 3. Bc4 Bc5 4. c3 Nf6 5. d4 exd4 6. cxd4 Bb4+ 7. Bd2
Nxe4 8. Bxb4 Nxb4 9. Bxf7+ Kxf7 10. Qb3+ d5 11. Qxb4 Rf8 12. O-O Kg8 13.
Qb3 b6 14. Qe3 Re8 15. Ne5 c5 16. f3 Nd6 17. Qd2 Nf5 18. Re1 Nxd4 19. Nc3
Bf5 20. Nd3 Qd6 21. Ne2 Qg6 22. Nxd4 Bxd3 23. Ne2 d4 24. Nf4 Qh6 25. Qxd3
Qxf4 26. a3 Rac8 27. Qc4+ Qf7 28. Qxf7+ Kxf7 29. Kf2 Rxe1 30. Kxe1 Ke6 31.
Rc1 Kd5 32. Kd2 Re8 33. Kd3 Re3+ 34. Kd2 c4 35. Rb1 Rb3 36. Kc2 a5 37. Kd2
Rxb2+ 38. Rxb2 c3+ 39. Kc2 cxb2 40. Kxb2 b5 41. Kb3 Kc5 42. h4 b4 43. axb4+
axb4 44. g4 d3 45. f4 Kd5 46. f5 Ke5 47. Kb2 Kf4 48. h5 h6 49. g5 Kxg5 50.
Kc1 b3 51. Kb2 d2 52. Kxb3 d1=Q+ { White resigns } 0-1

[Event "ICC tourney 2248 (120 10)"]
[Site "Internet Chess Club"]
[Date "2020.12.27"]
[Round "3"]
[White "AlanZ"]
[Black "Eagle2020"]
[Result "1-0"]
[ICCResult "Black checkmated"]
[WhiteElo "1744"]
[BlackElo "1505"]
[Opening "Réti opening"]
[ECO "A06"]
[NIC "QP.09"]
[Time "12:03:05"]
[PlyCount "123"]
[TimeControl "7200+10"]

1. Nf3 d5 2. e3 g6 3. c4 e6 4. Nc3 Ne7 5. d4 Bg7 6. Be2 Nd7 7. O-O Nf6 8.
b3 b6 9. Bb2 O-O 10. Rc1 Ba6 11. cxd5 Bxe2 12. Qxe2 exd5 13. Ne5 c6 14. Ba3
Rc8 15. Nb1 c5 16. dxc5 bxc5 17. Rxc5 Rxc5 18. Bxc5 Re8 19. Nd3 Nf5 20.
Bxa7 d4 21. Rd1 dxe3 22. Bxe3 Nd4 23. Qb2 Ng4 24. Bxd4 Bxd4 25. Qc2 Nxf2
26. Nxf2 Bxf2+ 27. Kxf2 Qh4+ 28. Kf1 Qxh2 29. Qf2 Re6 30. Nd2 Qd6 31. Kg1
Re5 32. Rf1 Rf5 33. Nf3 g5 34. Qd4 Qa6 35. Re1 Qc6 36. a4 h5 37. Qe3 Qf6
38. b4 g4 39. Nd2 h4 40. Rf1 g3 41. Rxf5 Qxf5 42. Nf3 Qd7 43. a5 Qa4 44.
Qe1 Qd7 45. Qd2 Qf5 46. Qg5+ Qxg5 47. Nxg5 Kg7 48. a6 f5 49. a7 f4 50. a8=Q
f3 51. Nxf3 h3 52. b5 h2+ 53. Nxh2 gxh2+ 54. Kxh2 Kg6 55. b6 Kf5 56. b7 Ke4
57. b8=Q+ Ke3 58. Qe8+ Kd4 59. Qd7+ Kc3 60. Qac8+ Kb2 61. Qdb7+ Ka1 62.
Qca8# { Black checkmated } 1-0

[Event "ICC tourney 2248 (120 10)"]
[Site "Internet Chess Club"]
[Date "2020.12.27"]
[Round "3"]
[White "jHanna"]
[Black "rcww2020"]
[Result "1/2-1/2"]
[ICCResult "Game drawn by repetition"]
[WhiteElo "1787"]
[BlackElo "1640"]
[Opening "Old Benoni defense"]
[ECO "A44"]
[NIC "OI.09"]
[Time "12:02:55"]
[PlyCount "93"]
[TimeControl "7200+10"]

1. d4 c5 2. d5 e5 3. c4 d6 4. Nc3 Ne7 5. e4 g6 6. Bg5 h6 7. Bf6 Rg8 8. Qa4+
Bd7 9. Nb5 Bxb5 10. Qxb5+ Qd7 11. a4 Bg7 12. Bxg7 Rxg7 13. Bd3 Na6 14. Qb3
Nb4 15. Ne2 f5 16. f3 f4 17. a5 g5 18. h3 Kf7 19. Bc2 Rgg8 20. Nc1 b6 21.
axb6 axb6 22. Ra3 Rxa3 23. bxa3 Nxc2+ 24. Qxc2 Ra8 25. Qb3 Qa4 26. Qxb6
Qxc4 27. Ne2 Rxa3 28. Kf2 Qb3 29. Rb1 Qe3+ 30. Kf1 Qd3 31. Re1 Qa6 32. Qb8
Ng8 33. Rb1 Ra1 34. Rxa1 Qxa1+ 35. Kf2 Qa6 36. Nc3 Nf6 37. Nb5 Qa2+ 38. Kg1
Qb1+ 39. Kh2 Kg6 40. Qb7 g4 41. hxg4 Qe1 42. Nxd6 Qg3+ 43. Kg1 Qe1+ 44. Kh2
Qg3+ 45. Kg1 Qe1+ 46. Kh2 Qg3+ 47. Kg1 { Game drawn by repetition } 1/2-1/2

[Event "ICC tourney 2248 (120 10)"]
[Site "Internet Chess Club"]
[Date "2020.12.27"]
[Round "3"]
[White "asergeev"]
[Black "uzkuzk"]
[Result "0-1"]
[ICCResult "White checkmated"]
[WhiteElo "1898"]
[BlackElo "1809"]
[Opening "Queen's pawn, Mason variation, Steinitz counter-gambit"]
[ECO "D00"]
[NIC "QP.08"]
[Time "12:03:02"]
[PlyCount "96"]
[TimeControl "7200+10"]

1. d4 d5 2. Bf4 c5 3. e3 Nf6 4. dxc5 Nc6 5. Bb5 Bf5 6. b4 a5 7. c3 g6 8.
Ba4 axb4 9. cxb4 Bg7 10. Be5 O-O 11. Bxc6 bxc6 12. Nc3 Qc8 13. a4 Bg4 14.
Qd4 Qf5 15. Nge2 Ne4 16. f4 f6 17. Bc7 e5 18. Qd3 Rfc8 19. Nxe4 dxe4 20.
Qc4+ Kh8 21. Bd6 exf4 22. Nd4 Qd7 23. Bxf4 f5 24. Ra3 h6 25. h4 Rd8 26. Bd6
Re8 27. Kf2 Kh7 28. Rha1 Bf6 29. g3 g5 30. hxg5 hxg5 31. Nxc6 Kg6 32. Nd4
Qh7 33. Rg1 Rh8 34. b5 Qh2+ 35. Rg2 Qh3 36. b6 Rh7 37. c6 Rc8 38. c7 Rch8
39. Qf1 Bf3 40. Nxf3 exf3 41. Kxf3 Qg4+ 42. Kf2 Qe4 43. Qe2 Rh2 44. Rxh2
Rxh2+ 45. Ke1 Qb1+ 46. Qd1 Rh1+ 47. Kf2 Qxd1 48. c8=Q Qf1# { White
checkmated } 0-1

[Event "ICC tourney 2248 (120 10)"]
[Site "Internet Chess Club"]
[Date "2020.12.27"]
[Round "3"]
[White "cdj12417489"]
[Black "abelMZ084"]
[Result "0-1"]
[ICCResult "White forfeits on time"]
[WhiteElo "1268"]
[BlackElo "1667"]
[Opening "Giuoco Piano"]
[ECO "C54"]
[NIC "IG.02"]
[Time "12:03:03"]
[PlyCount "68"]
[TimeControl "7200+10"]

1. e4 e5 2. Nf3 Nc6 3. Bc4 Bc5 4. c3 Nf6 5. d3 d6 6. Bg5 Bg4 7. Nbd2 h6 8.
Bh4 g5 9. Bg3 Qd7 10. b4 Bb6 11. Qb3 Rf8 12. a4 a5 13. b5 Ne7 14. h3 Bh5
15. O-O g4 16. hxg4 Qxg4 17. Rae1 Qxg3 18. d4 Qg4 19. dxe5 Rg8 20. Nh4 Qxh4
21. e6 fxe6 22. Bxe6 Ng4 23. Nf3 Bxf2+ 24. Rxf2 Qxf2+ 25. Kh1 Ne3 26. Qa2
Qxa2 27. Bxa2 Rxg2 28. Rxe3 Rxa2 29. Nd4 Kd7 30. Rh3 Bg6 31. Re3 Rf8 32.
Kg1 Rff2 33. Rg3 Rfb2 34. Rf3 Bxe4 { White forfeits on time } 0-1

[Event "ICC tourney 2248 (120 10)"]
[Site "Internet Chess Club"]
[Date "2020.12.27"]
[Round "3"]
[White "mnm2"]
[Black "rokrchess"]
[Result "1-0"]
[ICCResult "Black resigns"]
[WhiteElo "1510"]
[BlackElo "1619"]
[Opening "Sicilian: Prins (Moscow) variation"]
[ECO "B55"]
[NIC "SI.01"]
[Time "12:03:45"]
[PlyCount "79"]
[TimeControl "7200+10"]

1. e4 c5 2. Nf3 d6 3. d4 cxd4 4. Nxd4 Nf6 5. f3 g6 6. c4 Bg7 7. Nc3 O-O 8.
Be3 Nc6 9. Be2 Bd7 10. O-O Ne5 11. Qd2 Rc8 12. b3 h5 13. Rac1 Kh7 14. Kf2
Ng8 15. Rh1 Nh6 16. h3 f5 17. exf5 Nxf5 18. Nxf5 Bxf5 19. g4 Bxg4 20. hxg4
Nxg4+ 21. Ke1 Nxe3 22. Qxe3 Bh6 23. Qd3 Bxc1 24. Rxh5+ Bh6 25. Qe4 Kg7 26.
Rh4 Qa5 27. Qd3 Qc5 28. Rg4 Rf6 29. Nd5 g5 30. Nxf6 exf6 31. f4 Qa5+ 32.
Kf1 Qxa2 33. Qxd6 Qb1+ 34. Kf2 Rf8 35. Qd4 Rf7 36. fxg5 Qxb3 37. gxh6+ Kh7
38. Bd3+ f5 39. Rg7+ Kxh6 40. Rxf7 { Black resigns } 1-0

[Event "ICC tourney 2248 (120 10)"]
[Site "Internet Chess Club"]
[Date "2020.12.27"]
[Round "3"]
[White "BillietheKid"]
[Black "sunnyjingxu"]
[Result "1/2-1/2"]
[ICCResult "Game drawn by repetition"]
[WhiteElo "1451"]
[BlackElo "1711"]
[Opening "Ruy Lopez: Anderssen variation"]
[ECO "C77"]
[NIC "RL.12"]
[Time "12:03:45"]
[PlyCount "128"]
[TimeControl "7200+10"]

1. e4 e5 2. Nf3 Nc6 3. Bb5 a6 4. Ba4 Nf6 5. d3 b5 6. Bb3 Be7 7. c3 O-O 8.
O-O d6 9. Nbd2 Na5 10. Bc2 c5 11. a3 Qc7 12. Re1 Be6 13. Nf1 Nc6 14. h3 d5
15. Ng5 Bc8 16. exd5 Nxd5 17. Ne4 Nf6 18. Nfg3 Rd8 19. Bg5 Nxe4 20. Bxe7
Qxe7 21. Nxe4 Bf5 22. Qf3 Bg6 23. Ng3 Rac8 24. Re3 Kh8 25. Nf5 Qf6 26. Ng3
Qxf3 27. Rxf3 f6 28. h4 Ne7 29. h5 Bf7 30. h6 Bg6 31. hxg7+ Kxg7 32. Ne4
Bxe4 33. dxe4 Rd2 34. Rc1 Ng6 35. Rg3 Kf7 36. Rh3 Rh8 37. Kf1 Nf4 38. Re3
h5 39. Ke1 Rxc2 40. Rxc2 Nxg2+ 41. Ke2 Nxe3 42. Kxe3 Rd8 43. f4 exf4+ 44.
Kxf4 Rd3 45. Rh2 Kg6 46. Rg2+ Kf7 47. Rh2 c4 48. Rxh5 Rd2 49. Rh7+ Kg6 50.
Ra7 Rxb2 51. Rxa6 Kf7 52. Rb6 Rc2 53. Rxb5 Rxc3 54. a4 Rb3 55. Rc5 c3 56.
Ke3 Ra3 57. a5 Ke7 58. Kd3 Kd6 59. Rb5 Ke7 60. Kc2 Ke6 61. Rc5 Kd6 62. Rb5
Ke6 63. Rc5 Kd6 64. Rb5 Ke6 { Game drawn by repetition } 1/2-1/2

[Event "ICC tourney 2248 (120 10)"]
[Site "Internet Chess Club"]
[Date "2020.12.27"]
[Round "3"]
[White "mdbgaccp"]
[Black "Supersamraat"]
[Result "0-1"]
[ICCResult "White resigns"]
[WhiteElo "1804"]
[BlackElo "1539"]
[Opening "King's Indian: Sämisch, 5...O-O"]
[ECO "E81"]
[NIC "KI.48"]
[Time "12:03:32"]
[PlyCount "115"]
[TimeControl "7200+10"]

1. d4 Nf6 2. c4 g6 3. Nc3 Bg7 4. e4 d6 5. f3 O-O 6. Be3 Nbd7 7. Qd2 c5 8.
O-O-O cxd4 9. Bxd4 Ne8 10. Bxg7 Nxg7 11. Qh6 Ne5 12. g4 Be6 13. h3 Qb6 14.
Kb1 Rac8 15. Nd5 Bxd5 16. cxd5 Nc4 17. Bxc4 Rxc4 18. Ne2 Rfc8 19. Rc1 Qf2
20. Nc3 Qxf3 21. Rhf1 Qd3+ 22. Ka1 a6 23. Qf4 f6 24. h4 Qd4 25. Rcd1 Qe5
26. Qxe5 fxe5 27. Rf3 Rf8 28. Rdf1 Rxf3 29. Rxf3 Ne8 30. g5 Ng7 31. b3 Rd4
32. Kb2 Rd2+ 33. Ka3 Nh5 34. Kb4 b6 35. a4 Nf4 36. a5 Rd4+ 37. Ka3 bxa5 38.
Re3 Ng2 39. Rh3 Kf7 40. Kb2 Ke8 41. Ka3 Nf4 42. Rf3 Kd7 43. Rf1 e6 44. Rf2
exd5 45. exd5 Nxd5 46. Nxd5 Rxd5 47. Rf7+ Ke6 48. Rxh7 e4 49. Rc7 Kf5 50.
Kb2 Kg4 51. Rc4 Kf3 52. Kc2 e3 53. Rc8 Rc5+ 54. Rxc5 dxc5 55. h5 e2 56.
hxg6 e1=Q 57. g7 Qe4+ 58. Kd1 { White resigns } 0-1

[Event "ICC tourney 2248 (120 10)"]
[Site "Internet Chess Club"]
[Date "2020.12.27"]
[Round "3"]
[White "Kugelblitzer"]
[Black "Nikhilp"]
[Result "0-1"]
[ICCResult "White resigns"]
[WhiteElo "1535"]
[BlackElo "1737"]
[Opening "King's Indian: Kazakh variation"]
[ECO "E91"]
[NIC "KI.19"]
[Time "12:03:09"]
[PlyCount "110"]
[TimeControl "7200+10"]

1. d4 Nf6 2. c4 g6 3. Nc3 Bg7 4. e4 d6 5. Nf3 O-O 6. Be2 Na6 7. O-O e5 8.
d5 Nc5 9. Qc2 a5 10. b3 b6 11. Bg5 h6 12. Bd2 Nh5 13. Ne1 Nf6 14. f3 Ne8
15. a3 f5 16. Nd3 Nxd3 17. Bxd3 f4 18. Be1 g5 19. Be2 h5 20. Bf2 g4 21. Kh1
Qg5 22. Rfc1 g3 23. Bg1 h4 24. Bf1 gxh2 25. Bf2 Rf6 26. Ra2 Rg6 27. Rca1 h3
28. Be1 Qh5 29. Qd3 Nf6 30. Nb5 Ne8 31. Rb2 Bd7 32. Nc3 Kf7 33. Raa2 Nf6
34. b4 Rg8 35. Nb5 Bf8 36. Nxc7 hxg2+ 37. Bxg2 Bh3 38. Qf1 Bxg2+ 39. Rxg2
Qh3 40. bxa5 bxa5 41. Bxa5 Nh5 42. Be1 Rg3 43. Raf2 Rxg2 44. Rxg2 Rg3 45.
Ne6 Be7 46. Qe2 Rxf3 47. Bf2 Rxa3 48. Qd1 Rd3 49. Qe2 f3 50. Rxh2 Qxh2+ 51.
Kxh2 fxe2 52. Nc7 Rd1 53. Nb5 e1=Q 54. Bxe1 Rxe1 55. Nc3 Re3 { White
resigns } 0-1

[Event "ICC tourney 2248 (120 10)"]
[Site "Internet Chess Club"]
[Date "2020.12.27"]
[Round "3"]
[White "FlowingMelody"]
[Black "Cooliguess"]
[Result "1/2-1/2"]
[ICCResult "Game drawn by mutual agreement"]
[WhiteElo "1307"]
[BlackElo "1750"]
[Opening "Sicilian: Boleslavsky variation, 7.Nb3"]
[ECO "B59"]
[NIC "SI.25"]
[Time "12:03:06"]
[PlyCount "138"]
[TimeControl "7200+10"]

1. e4 c5 2. Nf3 d6 3. d4 cxd4 4. Nxd4 Nf6 5. Nc3 Nc6 6. Be2 e5 7. Nb3 Be7
8. O-O O-O 9. Be3 a5 10. a4 Nb4 11. Kh1 d5 12. exd5 Nbxd5 13. Bd2 Be6 14.
Bf3 b6 15. Qe2 Qc7 16. Rfe1 Rad8 17. Nxd5 Nxd5 18. Bxd5 Bxd5 19. Bc3 f6 20.
Qg4 Rd7 21. Rad1 Rfd8 22. Rd2 Qc6 23. Red1 h5 24. Qh3 Qxa4 25. Rxd5 Rxd5
26. Rxd5 Qc4 27. Rxd8+ Bxd8 28. Qd3 Qxd3 29. cxd3 a4 30. Nd2 Kf7 31. Kg1
Ke6 32. Kf1 b5 33. Ke1 Be7 34. b4 g5 35. Nb1 Kd5 36. Na3 f5 37. Nxb5 e4 38.
Ke2 f4 39. Na3 g4 40. dxe4+ Kxe4 41. f3+ Kd5 42. Kd3 g3 43. h3 Bd6 44. Nc2
Bc7 45. Bd2 Bd6 46. b5 a3 47. Nb4+ Kc5 48. Kc3 Kxb5 49. Kb3 Bc5 50. Nc2 a2
51. Kxa2 Kc4 52. Bxf4 Kd3 53. Kb3 h4 54. Bg5 Ke2 55. Kc4 Bf2 56. Bxh4 Kf1
57. f4 Kxg2 58. f5 Kxh3 59. Bxg3 Bxg3 60. f6 Bd6 61. Kd5 Bf8 62. Ke6 Kg4
63. Kf7 Bc5 64. Ke8 Kg5 65. f7 Kg6 66. Ne1 Kf6 67. Nf3 Ke6 68. Nd4+ Kf6 69.
Nc6 Ba3 { Game drawn by mutual agreement } 1/2-1/2